 Dungeon Crawl Stone Soup version 0.18.1-8-gdd0e5ea (webtiles) character file.

326 M4edhros the Insei (level 6, -4/39 HPs)
             Began as an Octopode Necromancer on May 23, 2016.
             Killed from afar by an orc wizard (5 damage)
             ... with a magic dart
             ... on level 5 of the Dungeon.
             The game lasted 00:11:52 (1753 turns).

M4edhros the Insei (Octopode Necromancer)           Turns: 1753, Time: 00:11:52

Health: -4/39      AC:  1    Str:  8      XL:     6   Next: 49%
Magic:  1/9        EV: 12    Int: 19      God:
Gold:   61         SH:  0    Dex: 11 (14) Spells: 3 memorised, 4 levels left

rFire  + + .     SeeInvis .     d - +1 hunting sling of Overwhelming Force {flame, rPois rF++ Stlth-} (curse)
rCold  . . .     Gourm    .     (no shield)
rNeg   . . .     Faith    .     (helmet restricted)
rPois  +         Spirit   .     (no amulet)
rElec  .         Dismiss  .     (no ring)
rCorr  .         Reflect  .     (no ring)
SustAt .         Harm     .     (no ring)
MR     .....                    (no ring)
Stlth  ++........               (no ring)
                                (no ring)
                                (no ring)
                                (no ring)

@: not resistant to hostile enchantments, unstealthy
A: almost no armour, amphibious, 8 rings, constrict 8, camouflage 1, blurry
vision 1, clever 1, poison resistance, robust 1, screaming 1, gelatinous body 1,
no device heal 1
a: no special abilities


You were on level 5 of the Dungeon.
You were not hungry.

You visited 1 branch of the dungeon, and saw 6 of its levels.

You collected 191 gold pieces.
You spent 130 gold pieces at shops.

Inventory:

Hand Weapons
 d - the cursed +1 hunting sling of Overwhelming Force (weapon) {flame, rPois rF++ Stlth-}
   (You bought it in a shop on level 5 of the Dungeon)

   It causes projectiles fired from it to burn those they strike, causing extra
   injury to most foes and up to half again as much damage against particularly
   susceptible opponents.
   It greatly protects you from fire.
   It protects you from poison.
   It makes you less stealthy.
   It has a curse placed upon it.
Missiles
 h - 3 sling bullets (quivered)
 i - 50 stones
Wands
 g - a wand of digging (13/24)
 l - a wand of digging (6/24)
Scrolls
 j - a scroll of fog
 k - 2 scrolls of random uselessness
Books
 a - a book of Necromancy

   Spells                             Type                      Level
   a - Pain                           Necromancy                   1
   b - Animate Skeleton               Necromancy                   1
   c - Vampiric Draining              Necromancy                   3
   d - Regeneration                   Charms/Necromancy            3
   e - Animate Dead                   Necromancy                   4
   f - Control Undead                 Necromancy                   4
Comestibles
 b - 3 chunks of flesh
 f - 2 meat rations


   Skills:
 - Level 2.0 Dodging
 - Level 2.6 Stealth
 + Level 6.2 Unarmed Combat
 - Level 2.0 Spellcasting
 - Level 4.0 Necromancy


You had 4 spell levels left.
You knew the following spells:

 Your Spells              Type           Power        Failure   Level  Hunger
a - Pain                  Necr           ###.         3%          1    #......
b - Animate Skeleton      Necr           N/A          3%          1    #......
r - Regeneration          Chrm/Necr      #.........   21%         3    ###....


Dungeon Overview and Level Annotations

Branches:
Dungeon (6/15)
 Temple: D:4-7

Altars:
Makhleb

Shops:
D:5 (


Innate Abilities, Weirdness & Mutations

You cannot wear most types of armour.
You are amphibious.
You can wear up to eight rings at the same time.
You can use your tentacles to constrict eight enemies at once.
Your skin changes colour to match your surroundings (Stealth).
Your rubbery body absorbs attacks (AC +1).
Scrolls take you a little longer to read.
Your mind is acute. (Int +2)
Your system is resistant to poisons.
You are robust (+10% HP).
You occasionally shout uncontrollably at your foes.
Potions and wands are less effective at restoring your health.


Message History

Unknown command.
Unknown command.
You clumsily bash the orc priest but do no damage.
The orc priest is almost dead.
You constrict the orc priest, but do no damage.
The orc wizard barely misses you. The orc priest hits you with a mace.
* * * LOW HITPOINT WARNING * * *
The orc wizard hits you with a dagger.
* * * LOW HITPOINT WARNING * * *
Unknown command.
Unknown command.
Unknown command.
You clumsily bash the orc priest but do no damage.
The orc priest is almost dead.
You constrict the orc priest.
You kill the orc priest!
You feel your intelligence returning. The orc wizard casts a spell at you.
The magic dart hits you!
You die...

###### ###### #....# ##########
####....# #####....# #........#
........###........# #........#
.........##........# ##........#
.........##........# #.........#
..#......######....###.........##
..#......(....oo@..'.'...........
..............#aS..###.....##....
...(.............................
.....o..........##...............
......>..............####........
...................#(# #.......#
...................#'####.......'
..................)....##.......#
....... ..............<..........


You could see a worker ant, an orc wizard, an adder and an orc.

Vanquished Creatures
  An ogre (D:4)
  A howler monkey (D:5)
  2 orc priests (D:5)
  A hound (D:3)
  2 orc wizards (D:5)
  3 adders
  A worm (D:3)
  A dart slug (D:1)
  4 orcs
  3 giant cockroaches
  6 goblins
  A hobgoblin (D:1)
  2 jackals (D:3)
  2 kobolds
  2 quokkas
  A ball python (D:2)
  2 bats
  4 giant newts
  A quokka skeleton (D:4)
  A rat (D:1)
41 creatures vanquished.

Vanquished Creatures (collateral kills)
  An orc (D:5)
  2 jackals (D:3)
3 creatures vanquished.

Vanquished Creatures (others)
  A giant cockroach (D:5)
1 creature vanquished.

Grand Total: 45 creatures vanquished

Notes
Turn   | Place    | Note
--------------------------------------------------------------
     0 | D:1      | M4edhros the Octopode Necromancer began the quest for the Orb.
     0 | D:1      | Reached XP level 1. HP: 11/11 MP: 3/3
   101 | D:1      | Reached skill level 1 in Unarmed Combat
   159 | D:1      | Reached XP level 2. HP: 10/17 MP: 0/5
   325 | D:2      | Reached skill level 2 in Unarmed Combat
   340 | D:2      | Learned a level 1 spell: Animate Skeleton
   458 | D:2      | Reached XP level 3. HP: 9/21 MP: 3/6
   463 | D:2      | Learned a level 3 spell: Regeneration
   514 | D:3      | Reached skill level 3 in Unarmed Combat
   514 | D:3      | Reached XP level 4. HP: 24/27 MP: 2/7
   763 | D:3      | Reached skill level 4 in Unarmed Combat
   829 | D:3      | Found a burning altar of Makhleb.
   829 | D:3      | Noticed a green death
  1066 | D:4      | Noticed an ogre
  1069 | D:4      | Gained mutation: Potions and wands are less effective at restoring your health. [potion of mutation]
  1069 | D:4      | Gained mutation: Your system is resistant to poisons. [potion of mutation]
  1069 | D:4      | Gained mutation: Scrolls take you a little longer to read. [potion of mutation]
  1074 | D:4      | Killed an ogre
  1074 | D:4      | Reached skill level 5 in Unarmed Combat
  1074 | D:4      | Reached XP level 5. HP: 31/31 MP: 8/8
  1079 | D:4      | Gained mutation: You are robust (+10% HP). [potion of mutation]
  1079 | D:4      | Gained mutation: You occasionally shout uncontrollably at your foes. [potion of mutation]
  1080 | D:4      | Gained mutation: Your mind is acute. (Int +2) [potion of mutation]
  1236 | D:5      | Entered Level 5 of the Dungeon
  1341 | D:5      | Found Vuutuec's Antique Weapon Boutique.
  1352 | D:5      | Reached XP level 6. HP: 35/39 MP: 2/9
  1362 | D:5      | Bought a slimy hunting sling for 130 gold pieces
  1362 | D:5      | Identified the cursed +1 hunting sling of Overwhelming Force {flame, rPois rF++ Stlth-} (You bought it in a shop on level 5 of the Dungeon)
  1691 | D:5      | Reached skill level 6 in Unarmed Combat
  1752 | D:5      | HP: 1/39 [orc wizard/dagger (2)]
  1753 | D:5      | Killed from afar by an orc wizard

Skill      XL: |  1  2  3  4  5  6 |
---------------+-------------------+-----
Unarmed Combat | 1 2 3 5 6 |  6.2
Dodging        | |  2.0
Stealth        | |  2.6
Spellcasting   | |  2.0
Necromancy     | |  4.0

Action                   |  1- 3 |  4- 6 || total
-------------------------+-------+-------++-------
Melee: Unarmed           |    30 |    44 ||    74
       Constrict         |     8 |    13 ||    21
       Tentacles         |     4 |     6 ||    10
       Hunting sling     |       |    11 ||    11
 Fire: Hunting sling     |       |    18 ||    18
 Cast: Pain              |    15 |     5 ||    20
       Animate Skeleton  |     1 |     9 ||    10
       Regeneration      |     2 |    13 ||    15
  Use: Potion            |       |     8 ||     8
       Scroll            |       |     7 ||     7
 Stab: Sleeping          |     4 |     3 ||     7
  Eat: Chunk             |       |     2 ||     2
       Bread ration      |       |     1 ||     1
Armor: Skin              |     2 |     8 ||    10
Dodge: Dodged            |    20 |    67 ||    87
